 Dungeon Crawl Stone Soup version 0.27-a0-765-ge4d627daa3 (webtiles) character file.

Game seed: 4709487075128350154

2068 spiderkeys the Spear-Bearer (level 9, -5/79 HPs)
             Began as a Minotaur Berserker on Mar 25, 2021.
             Was an Elder of Trog.
             Slain by a sun demon (12 damage)
             ... summoned by a kobold demonologist
             ... on level 6 of the Dungeon.
             The game lasted 00:06:18 (8112 turns).

spiderkeys the Spear-Bearer (Minotaur Berserker)    Turns: 8112, Time: 00:06:19

Health: -5/79      AC: 14    Str: 26    XL:     9   Next: 5%
Magic:  8/8        EV: 13    Int:  4    God:    Trog [****..]
Gold:   327        SH:  0    Dex:  9    Spells: 8/8 levels left

rFire    . . .     SeeInvis .   i - +0 halberd
rCold    + . .     Faith    .   (shield currently unavailable)
rNeg     . . .     Spirit   .   c - +0 plate armour
rPois    .         Reflect  .   (helmet restricted)
rElec    .         Harm     .   k - +0 cloak
rCorr    .         Rampage  .   (no gloves)
Will     .....                  (no boots)
Stlth    ..........             (no amulet)
HPRegen  0.23/turn              d - +4 ring of evasion
MPRegen  0.11/turn              f - ring of protection from cold

@: berserk cooldown, slowed, very slow
A: horns 2, retaliatory headbutt
a: Renounce Religion, Berserk, Trog's Hand, Brothers in Arms


You were on level 6 of the Dungeon.
You worshipped Trog.
Trog was greatly pleased with you.
You visited 1 branch of the dungeon, and saw 6 of its levels.
You also visited: Sewer.

You collected 327 gold pieces.

Inventory:

Hand Weapons
 i - a +0 halberd (weapon)
 n - a +0 trident
Armour
 c - a +0 plate armour (worn)
 k - a +0 cloak (worn)
Jewellery
 d - a +4 ring of evasion (right hand)
 f - a ring of protection from cold (left hand)
 p - an amulet of guardian spirit
Wands
 t - a wand of paralysis (10)
 u - a wand of iceblast (16)
Scrolls
 a - a scroll of enchant armour
 o - 3 scrolls of teleportation
Potions
 b - 2 potions of invisibility
 e - 2 potions of lignification
 g - 2 potions of haste
 h - a potion of brilliance {unknown}
 j - a potion of degeneration {unknown}
 l - a potion of berserk rage {unknown}
 m - 2 potions of curing
 q - 5 potions of flight
 r - a potion of attraction {unknown}
 s - a potion of cancellation {unknown}


   Skills:
 + Level 7.3 Fighting
 * Level 9.7 Polearms
 + Level 6.7 Armour
 + Level 6.2 Dodging


You had 8 spell levels left.
You didn't know any spells.
Your spell library contained the following spells:

 Spells                   Type           Power      Damage    Failure   Level
 Magic Dart               Conj           0%         1d3       100%        1
 Searing Ray              Conj           0%         3d3       100%        2
 Confusing Touch          Hex            0%         N/A       100%        3
 Dazzling Flash           Conj/Hex       0%         N/A       100%        3
 Gell's Gravitas          Tloc           0%         N/A       100%        3
 Fulminant Prism          Conj/Hex       0%         3d6       100%        4
 Iskenderun's Mystic Bla  Conj/Tloc      0%         2d3       100%        4
 Petrify                  Tmut/Erth      0%         N/A       100%        4
 Metabolic Englaciation   Hex/Ice        0%         N/A       100%        5
 Yara's Violent Unravell  Hex/Tmut       0%         3d3       100%        5


Dungeon Overview and Level Annotations

Branches:
Dungeon (6/15)             Temple (0/1) D:5           Sewer (visited)

Altars:
Ashenzari
Elyvilon
Hepliaklqana
Kikubaaqudgha
Makhleb
Ru
Uskayaw

Annotations:
D:6 1 transporter


Innate Abilities, Weirdness & Mutations

You have a pair of horns on your head.
You reflexively headbutt those who attack you in melee.


Message History

You reach to attack!
You puncture the sun demon!
The sun demon is moderately wounded.
The orc priest hits you but does no damage.
The kobold demonologist begins to cast a cantrip, but forgets the words!
You slash the sun demon!
The sun demon is heavily wounded.
The shadow imp gestures at you.
You struggle to resist.
The orc priest barely misses you. The sun demon misses you.
The shadow imp grinds its teeth.
The quasit closely misses you. The quasit barely misses you.
The quasit claws you but does no damage.
Reach: i) +0 halberd
Press: ? - help, Dir - move target, f - orc priest, p - sun demon
Aim: an orc priest, wielding a +0 dagger and wearing a +0 scale mail (about 40% to evade your +0 halberd)
You reach to attack!
You slash the orc priest!
The orc priest is almost dead.
The sun demon misses you. You furiously retaliate!
You headbutt the sun demon, but do no damage.
The orc priest barely misses you.
The kobold demonologist mumbles some strange words.
The quasit bites you but does no damage.
The quasit barely misses you. The quasit completely misses you.
Reach: i) +0 halberd
Press: ? - help, Dir - move target, f/p - orc priest
Aim: an orc priest, wielding a +0 dagger and wearing a +0 scale mail (almost dead, about 40% to evade your +0 halberd)
You reach to attack!
You closely miss the orc priest.
The orc priest is almost dead.
You are no longer berserk.
You are exhausted.
You feel yourself slow down.
A nearby plant withers and dies.
The orc priest mumbles some strange prayers to Beogh against you.
Pain shoots through your body! The sun demon hits you!
You are engulfed in flames!
The quasit completely misses you. The quasit closely misses you.
The quasit claws you but does no damage.
The sun demon hits you!!
* * * LOW HITPOINT WARNING * * *
You are engulfed in flames!
You die...

.....###....###..............## #
.....# #...## #..#####........###
##...###....###..####............
##...##....##....##...#.....##..
#.............©.....#......##.. #
##........#########........##..
## #....##..#8P.©.P8#...##...##..
.###...##...#P.....P#..####..##..
#.....#.....####@####.## #.......
#.###.......#o≈.3.≈o#.## #...####
.## #.......#o≈53.≈5#..###..## ##
##.......#.≈≈≈3≈K#...#..### #
#........#5≈≈♣≈≈5#........##
###........#.≈≈≈≈≈K#.........#
##..........#.≈...≈.#..#......##
#...........#.≈...≈.#.###..#...##
####........####+####.###........


You could see 2 sun demons, 2 kobold demonologists, a neqoxec (summoned), 3 orc
priests, a quasit (summoned) and 3 shadow imps.

Vanquished Creatures
  Menkaure (D:6)
  Edmund (D:5)
  A water moccasin (D:5)
  A sky beast (D:6)
  An orc warrior (D:5)
  2 ogres
  A centaur (D:6)
  3 phantoms
  Blork the orc (D:5)
  A bullfrog (D:6)
  A wyvern skeleton (D:6)
  A scorpion (D:6)
  A centaur zombie (D:6)
  A jelly (D:6)
  3 orc priests
  A centaur skeleton (D:4)
  2 hounds (D:5)
  Jessica (D:2)
  An iguana (D:5)
  4 orc wizards
  A merfolk avatar (Sewer)
  A merfolk siren (Sewer)
  3 worker ants
  8 gnolls
  10 adders
  2 river rats
  2 shadow imps (D:5)
  An adder skeleton (D:4)
  5 worms
  A dart slug (D:1)
  12 orcs
  6 endoplasms
  6 giant cockroaches
  3 hobgoblins
  2 jackals (D:1)
  7 quokkas
  7 ball pythons
  2 bats
  7 frilled lizards
  6 goblins
  3 kobolds
  27 rats
151 creatures vanquished.

Vanquished Creatures (others)
  A plant (D:6)
1 creature vanquished.

Grand Total: 152 creatures vanquished

Notes
Turn   | Place    | Note
-------+----------+-------------------------------------------
     0 | D:1      | spiderkeys the Minotaur Berserker began the quest for the
                  | Orb.
     0 | D:1      | Reached XP level 1. HP: 19/19 MP: 0/0
   249 | D:1      | Reached XP level 2. HP: 27/27 MP: 1/1
   291 | D:1      | Reached skill level 4 in Polearms
  1178 | D:2      | Noticed Jessica
  1694 | D:2      | Killed Jessica
  1695 | D:2      | Reached XP level 3. HP: 33/33 MP: 2/2
  2005 | D:2      | Noticed an ogre
  2014 | D:2      | Killed an ogre
  2015 | D:2      | Reached skill level 5 in Polearms
  2015 | D:2      | Reached XP level 4. HP: 41/41 MP: 3/3
  2043 | D:2      | Reached XP level 5. HP: 28/47 MP: 4/4
  2639 | D:3      | Reached ** piety under Trog
  3005 | D:3      | Found a burning altar of Makhleb.
  3848 | D:4      | Reached XP level 6. HP: 55/55 MP: 5/5
  3885 | D:4      | Reached skill level 6 in Polearms
  3912 | D:4      | Reached skill level 5 in Fighting
  4418 | D:4      | Reached XP level 7. HP: 61/61 MP: 6/6
  4582 | D:5      | Entered Level 5 of the Dungeon
  4584 | D:5      | Found a glowing drain.
  4688 | Sewer    | Entered a sewer
  4700 | Sewer    | Reached *** piety under Trog
  4952 | Sewer    | Reached skill level 7 in Polearms
  4952 | Sewer    | Reached **** piety under Trog
  5484 | D:5      | Found a white marble altar of Elyvilon.
  5525 | D:5      | Found a hide-covered altar of Uskayaw.
  5529 | D:5      | Reached skill level 5 in Armour
  5589 | D:5      | Found an ancient bone altar of Kikubaaqudgha.
  5700 | D:5      | Reached skill level 5 in Dodging
  5700 | D:5      | Reached XP level 8. HP: 43/70 MP: 7/7
  6109 | D:5      | Reached skill level 8 in Polearms
  6177 | D:5      | Found a hazy altar of Hepliaklqana.
  6199 | D:5      | Noticed Edmund
  6206 | D:5      | Killed Edmund
  6268 | D:5      | Found a sacrificial altar of Ru.
  6551 | D:5      | Noticed Blork the orc
  6559 | D:5      | Killed Blork the orc
  6574 | D:5      | Found a staircase to the Ecumenical Temple.
  6900 | D:6      | Found a transporter.
  6900 | D:6      | Noticed a kobold demonologist
  6901 | D:6      | Noticed a kobold demonologist
  6908 | D:6      | Found a transporter.
  7162 | D:6      | Reached skill level 9 in Polearms
  7188 | D:6      | Found a broken altar of Ashenzari.
  7394 | D:6      | Noticed Menkaure
  7402 | D:6      | Killed Menkaure
  7624 | D:6      | Reached XP level 9. HP: 76/79 MP: 8/8
  8103 | D:6      | Noticed a sun demon
  8106 | D:6      | Noticed a sun demon
  8112 | D:6      | Slain by a sun demon

Illustrated notes

Levels and vault maps discovered:
D:1:      dpeg_arrival_round_c, layout_basic, serial_park_tiny_2
D:2:      layout_rooms, minmay_misc_feat_more_columns, uniq_jessica
D:3:      layout_loops_ring, nicolae_overflow_hidden_temple, nrook_mini_vaults
D:4:      layout_gridville
D:5:      layout_cave_pods, elyvilon_altar_5, lemuel_doored_altar,
          kennysheep_mini_moat, temple_hall, basic_altar,
          cheibrodos_sewer_entry_sluice, nicolae_ru_sacrificial_ziggurat,
          uniq_edmund, uniq_blork_the_orc
D:6:      gammafunk_wand_slinger, layout_layer_cave,
          ashenzari_conservatory_becter, uniq_menkaure

Skill      XL: |  1  2  3  4  5  6  7  8 |
---------------+-------------------------+-----
Polearms       | 4 5 6 7 9 |  9.7
Fighting       | 4 5 6 7 |  7.3
Armour         | 3 4 5 6 |  6.7
Dodging        | 3 4 5 6 |  6.2

Action                   |  1- 3 |  4- 6 |  7- 9 || total
-------------------------+-------+-------+-------++-------
Melee: Spear             |    51 |    78 |       ||   129
       Headbutt          |     4 |    18 |    27 ||    49
       Halberd           |       |    56 |   239 ||   295
Invok: Berserk           |     3 |     3 |     3 ||     9
  Use: Scroll            |     5 |     1 |     3 ||     9
Armor: Animal skin       |     5 |       |       ||     5
       Plate armour      |       |    62 |    97 ||   159
Dodge: Dodged            |    20 |    66 |   136 ||   222

Table legend: (Time is in decaauts)
 A = Elapsed time spent in this place.
 B = Non-inter-level travel time spent in this place.
 C = Inter-level travel time spent in this place.
 D = Time resting spent in this place.
 E = Time spent auto-exploring this place.
 F = Levels seen in this place.
 G = Mean time per level.
                   A        B        C        D        E       F      G
               +--------+--------+--------+--------+--------+-----+--------+
         Total |   8250 |   8096 |    154 |   2310 |   4872 |   7 | 1178.6 |
       Dungeon |   7635 |   7481 |    154 |   2310 |   4471 |   6 | 1272.5 |
         Sewer |    615 |    615 |      0 |      0 |    401 |   1 |  615.0 |
               +--------+--------+--------+--------+--------+-----+--------+

Top non-repeatable levels by time:
     D:1: 1684 daAuts
     D:5: 1607 daAuts
     D:6: 1392 daAuts
     D:3: 1221 daAuts
     D:2: 927 daAuts
     D:4: 802 daAuts
   Sewer: 615 daAuts
